 Dungeon Crawl Stone Soup version 0.31.0-11-ge490571c62 (webtiles) character file.

Game seed: 7013493925886967376

64 Fodor the Covered (level 3, 0/32 (33) HPs)
             Began as a Minotaur Fighter on Feb 10, 2024.
             Slain by Crazy Yiuf
             ... wielding a +4 quarterstaff of chaos
              (3 damage)
             ... on level 2 of the Dungeon.
             The game lasted 00:06:32 (1606 turns).

Fodor the Covered (Minotaur Fighter)                Turns: 1606, Time: 00:06:39

HP:   0/32 (33)     AC:  8    Str: 22    XL:     3   Next: 91%
MP:   2/2           EV:  9    Int:  5    God:
Gold: 97            SH:  4    Dex:  9    Spells: 2/2 levels left

rFire   . . .        a - +0 war axe
rCold   . . .        c - +0 buckler
rNeg    . . .        b - +0 scale mail
rPois   .            (helmet restricted)
rElec   .            o - +0 cloak
rCorr   .            (no gloves)
SInv    .            (no boots)
Will    .....        (no amulet) Stlth
                     (no ring)
HPRegen 0.25/turn    (no ring)
MPRegen 0.08/turn

%: no passive effects
@: lightly drained
A: horns 2, retaliatory headbutt
a: no special abilities


You were on level 2 of the Dungeon.
You visited 1 branch of the dungeon, and saw 2 of its levels.

You collected 97 gold pieces.

Inventory:

Hand Weapons
 a - a +0 war axe (weapon)
Armour
 b - a +0 scale mail (worn)
 c - a +0 buckler (worn)
 o - a +0 cloak (worn)
Wands
 m - a wand of iceblast (5)
Scrolls
 g - 2 scrolls of enchant armour {unknown}
 k - 4 scrolls of enchant weapon {unknown}
 l - a scroll of butterflies {unknown}
 p - 2 scrolls of identify {unknown}
 q - 2 scrolls of teleportation {unknown}
 t - a scroll of amnesia {unknown}
 u - a scroll of revelation {unknown}
Potions
 d - a potion of might
 e - 2 potions of heal wounds {unknown}
 f - a potion of enlightenment {unknown}
 h - 3 potions of ambrosia {unknown}
 i - 2 potions of magic {unknown}
 j - a potion of cancellation {unknown}
 n - a potion of brilliance {unknown}
 r - 2 potions of resistance {unknown}
 s - 2 potions of curing {unknown}


   Skills:
 + Level 4.0 Fighting
 + Level 3.5 Axes
 + Level 4.1 Armour
 + Level 1.1 Dodging
 + Level 4.1 Shields


You had 2 spell levels left.
You didn't know any spells.
Your spell library contained the following spells:

 Spells                   Type           Power      Damage    Failure   Level
 Blink                    Tloc           0%         N/A       94%         2
 Ensorcelled Hibernation  Hex/Ice        0%         N/A       94%         2
 Lesser Beckoning         Tloc           0%         N/A       94%         2
 Momentum Strike          Conj/Tloc      0%         3d8       94%         2
 Fugue of the Fallen      Necr           0%         N/A       99%         3
 Anguish                  Hex/Necr       0%         N/A       100%        4


Dungeon Overview and Level Annotations

Branches:
Dungeon (2/15)

Altars:

Annotations:
D:2 Crazy Yiuf


Innate Abilities, Weirdness & Mutations

You have a pair of horns on your head.
You reflexively headbutt those who attack you in melee.


Message History

There is a stone staircase leading down here.
As you open the door, it creaks loudly!
There is an open door here.
You open the door.
There is an open door here.
You open the door. You open the door.
There is an open door here.
You open the door.
There is an open door here.
There is an open door here.
You see here a +0 club.
An adder comes into view.
The adder hisses angrily.
The adder bites you but does no damage. You block the adder's attack.
You block the adder's attack. The adder bites you but does no damage.
The adder bites you. The adder bites you but does no damage.
You closely miss the adder. The adder bites you but does no damage.
The adder misses you.
You miss the adder. The adder bites you. You block the adder's attack.
You miss the adder. You block the adder's attack. The adder barely misses you.
You slash the adder!
You kill the adder!
Your Dodging skill increases to level 1!
You see here a +0 leather armour.
Found a hammer.
Found a runed translucent door.
Crazy Yiuf shouts!
You open the door.
Crazy Yiuf zaps a wand.
The puff of flame hits you! Crazy Yiuf hits you but does no damage.
There is an open translucent door here.
You hit Crazy Yiuf but do no damage.
Crazy Yiuf hits you with a +4 quarterstaff of chaos!
You feel drained.
Crazy Yiuf screams, "Cholesterol!"
Crazy Yiuf hits you with a +4 quarterstaff of chaos!
* * * LOW HITPOINT WARNING * * *
Crazy Yiuf burns you.
You die...

## #.# #.# #.# ###
####♣♣ #### ##
##..#.♣♣ ♣♣#..)# .#
##......♣♣♣♣.@g..#
.###........♣..♣#...#
.....##.#..♣.♣♣♣ ####
..#######♣♣♣♣♣ ..#
..# ######### ..#
#.......# ..#
###.......#
..#####.........#


You could see Crazy Yiuf.

Vanquished Creatures
  3 adders (D:2)
  A dart slug (D:2)
  3 bats
  An endoplasm (D:1)
  A giant cockroach (D:1)
  4 goblins
  5 hobgoblins
  5 kobolds
  A quokka (D:1)
  6 ball pythons
  4 rats
34 creatures vanquished.

Notes
Turn   | Place    | Note
-------+----------+-------------------------------------------
     0 | D:1      | Fodor the Minotaur Fighter began the quest for the Orb.
     0 | D:1      | Reached XP level 1. HP: 19/19 MP: 0/0
   178 | D:1      | Reached XP level 2. HP: 27/27 MP: 1/1
   185 | D:1      | Found a faded altar of an unknown god.
  1021 | D:2      | Reached XP level 3. HP: 33/33 MP: 2/2
  1521 | D:2      | Reached skill level 1 in Dodging
  1600 | D:2      | Found a runed translucent door.
  1601 | D:2      | Noticed Crazy Yiuf
  1606 | D:2      | Slain by Crazy Yiuf

Illustrated notes

Levels and vault maps discovered:
D:1:      lightli_arrival_farm, layout_basic,
          hellmonk_ecumenical_altar_slurped_away,
          minmay_misc_feat_secret_circle, st_stairs_3, skrybe_limestone_x,
          minivault_5
D:2:      layout_rooms, serial_glass, glass_columns_c, glass_columns_a,
          nicolae_hexahallways, uniq_crazy_yiuf_cottage

Skill      XL: |  1  2  3 |
---------------+----------+-----
Armour         | 4 |  4.1
Fighting       | 4 |  4.0
Axes           | 3 |  3.5
Shields        | 4 |  4.1
Dodging        | 1 |  1.1

Action                     || total
---------------------------++-------
  Melee: War axe           ||    69
         Headbutt          ||     7
 Armour: Scale mail        ||    61
  Dodge: Dodged            ||    42
  Block: Buckler           ||    19
